TOP OF THE 1ST |
Alabama Shakes batting - Pitching for Quincy Doughboys : LHP António López
|
Pitching: LHP António López
|
|
Batting: RHB Darrell McCoy
|
0-0: Ball 1-0: Ball 2-0: Ball 3-0: Called Strike 3-1: Base on Balls
|
Batting: RHB Bud López
|
0-0: Called Strike 0-1: Ball 1-1: Called Strike Darrell McCoy steals 2nd base 1-2: Fly out, F8 (Line Drive, 8LXD) Runner from 2nd tags up, SAFE at 3rd, no throw
|
Batting: LHB Edgardo Molina
|
0-0: Ball 1-0: Ball 2-0: Called Strike 2-1: Foul Ball, location: 2F 2-2: Ground out 6-3 (Groundball, 6S) Darrell McCoy scores
|
Batting: RHB Tim Oliver
|
0-0: Called Strike 0-1: Ball 1-1: Called Strike 1-2: Strikes out swinging
|
Top of the 1st over - 1 run, 0 hits, 0 errors, 0 left on base; Alabama 1 - Quincy 0 |
BOTTOM OF THE 1ST |
Quincy Doughboys batting - Pitching for Alabama Shakes : RHP Arturo Desales
|
Pitching: RHP Arturo Desales
|
|
Batting: LHB Esteban Pérez
|
0-0: Called Strike 0-1: Ball 1-1: Ball 2-1: SOLO HOME RUN (Flyball, 9LD), Distance : 357 ft
|
Batting: LHB Rob Johnson
|
0-0: Ball 1-0: Called Strike 1-1: Foul Ball, location: 2F 1-2: Strikes out looking
|
Batting: RHB Geoff Rainey
|
0-0: Ball 1-0: Fly out, F7 (Flyball, 7S)
|
Batting: RHB Luis Díaz
|
0-0: Foul Ball, location: 2F 0-1: Foul Ball, location: 2F 0-2: Ball 1-2: SINGLE (Line Drive, 56)
|
Batting: RHB Reggie Snyder
|
0-0: Swinging Strike 0-1: Foul Ball, location: 2F 0-2: Ball Luis Díaz is caught stealing 2nd base
|
Bottom of the 1st over - 1 run, 2 hits, 0 errors, 0 left on base; Alabama 1 - Quincy 1 |
TOP OF THE 2ND |
Alabama Shakes batting - Pitching for Quincy Doughboys : LHP António López
|
Batting: RHB Andrés Aguirre
|
0-0: Ball 1-0: Ball 2-0: Foul Ball, location: 2F 2-1: Foul Ball, location: 2F 2-2: Foul Ball, location: 2F 2-2: Ground out 5-3 (Groundball, 56S)
|
Batting: RHB Matt Bascombe
|
0-0: Called Strike 0-1: Ball 1-1: Ball 2-1: Called Strike 2-2: Ball 3-2: Base on Balls
|
Batting: LHB Brett Anderson
|
Pickoff Throw to First - Out! 0-0: Foul Ball, location: 2F 0-1: Called Strike 0-2: Strikes out swinging, 2-3 out at first.
|
Top of the 2nd over - 0 runs, 0 hits, 0 errors, 0 left on base; Alabama 1 - Quincy 1 |
BOTTOM OF THE 2ND |
Quincy Doughboys batting - Pitching for Alabama Shakes : RHP Arturo Desales
|
Batting: RHB Reggie Snyder
|
0-0: Called Strike 0-1: Fly out, F7 (Flyball, 7)
|
Batting: LHB Raúl García
|
0-0: Ball 1-0: Ball 2-0: SINGLE (Groundball, 4MD)
|
Batting: RHB Steve Cooper
|
0-0: Fly out, F8 (Line Drive, 8LD)
|
Batting: LHB Ramón Quintanilla
|
0-0: Ball 1-0: Called Strike 1-1: Ball Throwing error on steal attempt, E2 Raúl García to third 2-1: Ground out U3 (Groundball, 3L)
|
Bottom of the 2nd over - 0 runs, 1 hit, 1 error, 1 left on base; Alabama 1 - Quincy 1 |
TOP OF THE 3RD |
Alabama Shakes batting - Pitching for Quincy Doughboys : LHP António López
|
Batting: RHB Mark Jackson
|
0-0: Called Strike 0-1: Ball 1-1: Foul Ball, location: 2F 1-2: Ball 2-2: Strikes out looking
|
Batting: LHB Rick Owens
|
0-0: Ball 1-0: SINGLE (Groundball, 4) (infield hit)
|
Pitching: RHP Orlando Molina
|
|
Batting: RHB Darrell McCoy
|
0-0: Called Strike 0-1: Foul Ball, location: 2F 0-2: SINGLE (Groundball, 34D) Rick Owens to second Runner from 2nd tries for 3rd, SAFE, no throw
|
Batting: RHB Bud López
|
0-0: Ball Darrell McCoy steals 2nd base 1-0: Swinging Strike 1-1: Swinging Strike 1-2: Foul Ball, location: 2F 1-2: Ball 2-2: Strikes out looking
|
Batting: LHB Edgardo Molina
|
0-0: Fly out, F8 (Flyball, 8LM)
|
Top of the 3rd over - 0 runs, 2 hits, 0 errors, 2 left on base; Alabama 1 - Quincy 1 |
BOTTOM OF THE 3RD |
Quincy Doughboys batting - Pitching for Alabama Shakes : RHP Arturo Desales
|
Batting: RHB Ben Williams
|
0-0: Ground out 3-1 (Groundball, 34)
|
Batting: LHB Esteban Pérez
|
0-0: Swinging Strike 0-1: Ball 1-1: Called Strike 1-2: Ball 2-2: Ball 3-2: Foul Ball, location: 2F 3-2: Ground out 5-3 (Groundball, 5S)
|
Batting: LHB Rob Johnson
|
0-0: Called Strike 0-1: Ball 1-1: Called Strike 1-2: Foul Ball, location: 2F 1-2: SINGLE (Flyball, 7LS)
|
Batting: RHB Geoff Rainey
|
0-0: Ball 1-0: Fielders Choice at 2nd, 5-4 (Groundball, 5)
|
Bottom of the 3rd over - 0 runs, 1 hit, 0 errors, 1 left on base; Alabama 1 - Quincy 1 |
TOP OF THE 4TH |
Alabama Shakes batting - Pitching for Quincy Doughboys : RHP Orlando Molina
|
Batting: RHB Tim Oliver
|
0-0: Called Strike 0-1: Swinging Strike 0-2: Fly out, F7 (Flyball, 78D)
|
Batting: RHB Andrés Aguirre
|
0-0: Fly out, F8 (Flyball, 8RS)
|
Batting: RHB Matt Bascombe
|
0-0: Ball 1-0: Ball 2-0: Called Strike 2-1: Ball 3-1: Called Strike 3-2: Strikes out looking
|
Top of the 4th over - 0 runs, 0 hits, 0 errors, 0 left on base; Alabama 1 - Quincy 1 |
BOTTOM OF THE 4TH |
Quincy Doughboys batting - Pitching for Alabama Shakes : RHP Arturo Desales
|
Batting: RHB Luis Díaz
|
0-0: Foul Ball, location: 2F 0-1: Ball 1-1: Ball 2-1: Swinging Strike 2-2: Ball 3-2: Base on Balls
|
Batting: RHB Reggie Snyder
|
0-0: Ball 1-0: Swinging Strike 1-1: Ball 2-1: Called Strike 2-2: Foul Ball, location: 2F 2-2: Fly out, F3 (Popup, 3F)
|
Batting: LHB Raúl García
|
0-0: Ball 1-0: Called Strike 1-1: Ball 2-1: Fielders Choice at 2nd, 6-4 (Groundball, 6)
|
Batting: RHB Steve Cooper
|
0-0: Ball 1-0: Ball 2-0: Called Strike 2-1: Ball 3-1: Foul Ball, location: 2F 3-2: SINGLE (Line Drive, 89S) Raúl García to second Raúl García to third
|
Batting: LHB Ramón Quintanilla
|
0-0: Ball 1-0: Ground out 4-3 (Groundball, 4)
|
Bottom of the 4th over - 0 runs, 1 hit, 0 errors, 2 left on base; Alabama 1 - Quincy 1 |
TOP OF THE 5TH |
Alabama Shakes batting - Pitching for Quincy Doughboys : RHP Orlando Molina
|
Batting: LHB Brett Anderson
|
0-0: Swinging Strike 0-1: Fly out, F7 (Flyball, 7D)
|
Batting: RHB Mark Jackson
|
0-0: Ball 1-0: Fly out, F9 (Flyball, 89S)
|
Batting: LHB Rick Owens
|
0-0: Fly out, F4 (Line Drive, 4)
|
Top of the 5th over - 0 runs, 0 hits, 0 errors, 0 left on base; Alabama 1 - Quincy 1 |
BOTTOM OF THE 5TH |
Quincy Doughboys batting - Pitching for Alabama Shakes : RHP Arturo Desales
|
Batting: RHB Ben Williams
|
0-0: Ball 1-0: SINGLE (Groundball, 4MS) (infield hit)
|
Batting: LHB Esteban Pérez
|
0-0: Foul Ball, location: 2F 0-1: Ball 1-1: Foul Ball, location: 2F 1-2: Foul Ball, location: 2F 1-2: Strikes out swinging
|
Batting: LHB Rob Johnson
|
Pickoff Throw to First - Out! 0-0: Ball 1-0: Swinging Strike 1-1: Ball 2-1: Foul Ball, location: 2F 2-2: SOLO HOME RUN (Flyball, 9LD), Distance : 369 ft
|
Batting: RHB Geoff Rainey
|
0-0: Ball 1-0: Foul Ball, location: 2F 1-1: Foul Ball, location: 2F 1-2: Foul Ball, location: 2F 1-2: SOLO HOME RUN (Line Drive, 78XD), Distance : 428 ft
|
Batting: RHB Luis Díaz
|
0-0: Called Strike 0-1: Ball 1-1: SINGLE (Line Drive, 89S)
|
Batting: RHB Reggie Snyder
|
0-0: Called Strike 0-1: Fielders Choice at 2nd, 6-4 (Groundball, 6)
|
Bottom of the 5th over - 2 runs, 4 hits, 0 errors, 1 left on base; Alabama 1 - Quincy 3 |
TOP OF THE 6TH |
Alabama Shakes batting - Pitching for Quincy Doughboys : RHP Orlando Molina
|
Batting: RHB Darrell McCoy
|
0-0: Ball 1-0: Ball 2-0: Ball 3-0: Called Strike 3-1: Base on Balls
|
Batting: RHB Bud López
|
0-0: Ball 1-0: Foul Ball, location: 2F 1-1: Foul Ball, location: 2F 1-2: Foul Ball, location: 2F 1-2: Ball 2-2: SINGLE (Line Drive, 6D) Darrell McCoy to second
|
Batting: LHB Edgardo Molina
|
0-0: Ball 1-0: Fly out, F8 (Flyball, 8LD) Runner from 2nd tags up, SAFE at 3rd with throw
|
Batting: RHB Tim Oliver
|
0-0: Ball 1-0: Ball 2-0: Ground out 5-3 (Groundball, 56) Bud López to second
|
Batting: RHB Andrés Aguirre
|
0-0: Fly out, F7 (Flyball, 7)
|
Top of the 6th over - 0 runs, 1 hit, 0 errors, 2 left on base; Alabama 1 - Quincy 3 |
BOTTOM OF THE 6TH |
Quincy Doughboys batting - Pitching for Alabama Shakes : RHP Arturo Desales
|
Batting: LHB Raúl García
|
0-0: Ball 1-0: Called Strike 1-1: Foul Ball, location: 2F 1-2: Ball 2-2: Strikes out swinging
|
Batting: RHB Steve Cooper
|
0-0: Ground out 1-3 (Groundball, 15)
|
Batting: LHB Ramón Quintanilla
|
0-0: Called Strike 0-1: Ball 1-1: Ball 2-1: SINGLE (Groundball, 6MS) (infield hit)
|
Batting: RHB Ben Williams
|
0-0: Ball 1-0: Ball 2-0: Ball 3-0: Called Strike 3-1: Fielders Choice at 2nd, U4 (Groundball, 4M)
|
Bottom of the 6th over - 0 runs, 1 hit, 0 errors, 1 left on base; Alabama 1 - Quincy 3 |
TOP OF THE 7TH |
Alabama Shakes batting - Pitching for Quincy Doughboys : RHP Orlando Molina
|
Pitching: LHP Ánibal Ávila
|
|
Now at 2B: Dillon Lewis
|
|
Batting: RHB Matt Bascombe
|
0-0: Ball 1-0: DOUBLE (Flyball, 8RXD)
|
Batting: LHB Brett Anderson
|
0-0: Ball 1-0: Called Strike 1-1: Ball 2-1: Ball 3-1: Swinging Strike 3-2: Base on Balls
|
Batting: RHB Mark Jackson
|
0-0: Sac Bunt - play at first, batter OUT! 3-4 Matt Bascombe to third Brett Anderson to second
|
Pinch Hitting: RHB Will Hinkle
|
0-0: Ball 1-0: Swinging Strike 1-1: Ball 2-1: Foul Ball, location: 2F 2-2: Foul Ball, location: 2F 2-2: Ball 3-2: Base on Balls
|
Batting: RHB Darrell McCoy
|
0-0: Foul Ball, location: 2F 0-1: Foul Ball, location: 2F 0-2: Strikes out swinging
|
Batting: RHB Bud López
|
0-0: Fly out, F4 (Popup, 34D)
|
Top of the 7th over - 0 runs, 1 hit, 0 errors, 3 left on base; Alabama 1 - Quincy 3 |
BOTTOM OF THE 7TH |
Quincy Doughboys batting - Pitching for Alabama Shakes : RHP Arturo Desales
|
Pitching: RHP Jorge Vásquez
|
|
Now in RF: Will Hinkle
|
|
Batting: LHB Esteban Pérez
|
0-0: Ball 1-0: Foul Ball, location: 2F 1-1: Called Strike 1-2: Foul Ball, location: 2F 1-2: Ball 2-2: Foul Ball, location: 2F 2-2: Strikes out swinging
|
Batting: LHB Rob Johnson
|
0-0: Ball 1-0: Swinging Strike 1-1: Ball 2-1: Ball 3-1: Base on Balls
|
Batting: RHB Geoff Rainey
|
0-0: Called Strike 0-1: Foul Ball, location: 2F 0-2: Ball 1-2: Grounds into double play, 4-6-3 (Groundball, 4)
|
Bottom of the 7th over - 0 runs, 0 hits, 0 errors, 0 left on base; Alabama 1 - Quincy 3 |
TOP OF THE 8TH |
Alabama Shakes batting - Pitching for Quincy Doughboys : LHP Ánibal Ávila
|
Now at 1B: Juan Pérez
|
|
Now at 3B: Blair Charnock
|
|
Batting: LHB Edgardo Molina
|
0-0: Called Strike 0-1: SINGLE (Line Drive, 89M)
|
Batting: RHB Tim Oliver
|
0-0: Called Strike 0-1: Swinging Strike 0-2: Fly out, F1 (Line Drive, 15) Lined into DP, 1-3 (Line Drive, 15)
|
Batting: RHB Andrés Aguirre
|
0-0: Ball 1-0: Fly out, F8 (Flyball, 8RD)
|
Top of the 8th over - 0 runs, 1 hit, 0 errors, 0 left on base; Alabama 1 - Quincy 3 |
BOTTOM OF THE 8TH |
Quincy Doughboys batting - Pitching for Alabama Shakes : RHP Jorge Vásquez
|
Batting: RHB Blair Charnock
|
0-0: Called Strike 0-1: SOLO HOME RUN (Flyball, 9LD), Distance : 346 ft
|
Batting: RHB Reggie Snyder
|
0-0: Foul Ball, location: 2F 0-1: Foul Ball, location: 2F 0-2: SINGLE (Groundball, 34D)
|
Batting: LHB Raúl García
|
0-0: Ball 1-0: Sac Bunt - play at first, batter OUT! 5-3 Reggie Snyder to second
|
Batting: RHB Steve Cooper
|
0-0: Swinging Strike 0-1: Ball 1-1: Ball 2-1: Foul Ball, location: 2F 2-2: Strikes out swinging
|
Batting: LHB Ramón Quintanilla
|
0-0: Ball 1-0: 2-RUN HOME RUN (Flyball, 9LD), Distance : 369 ft
|
Batting: RHB Dillon Lewis
|
0-0: Ball 1-0: Swinging Strike 1-1: Called Strike 1-2: Hit by Pitch
|
Batting: LHB Esteban Pérez
|
0-0: SINGLE (Flyball, 9S) Dillon Lewis to second Runner from 2nd tries for 3rd, SAFE, no throw
|
Batting: RHB Juan Pérez
|
0-0: Ball 1-0: Ball 2-0: Called Strike 2-1: Foul Ball, location: 2F 2-2: Ball Wild Pitch! Dillon Lewis scores Esteban Pérez to second 3-2: Strikes out swinging
|
Bottom of the 8th over - 4 runs, 4 hits, 0 errors, 1 left on base; Alabama 1 - Quincy 7 |
TOP OF THE 9TH |
Alabama Shakes batting - Pitching for Quincy Doughboys : LHP Ánibal Ávila
|
Batting: RHB Matt Bascombe
|
0-0: Ball 1-0: Ball 2-0: Ball 3-0: Called Strike 3-1: Called Strike 3-2: Foul Ball, location: 2F 3-2: Ground out 3-1 (Groundball, 34)
|
Batting: LHB Brett Anderson
|
0-0: Foul Ball, location: 2F 0-1: Foul Ball, location: 2F 0-2: Ball 1-2: Ball 2-2: Foul Ball, location: 2F 2-2: Fly out, F6 (Popup, 6)
|
Batting: RHB Mark Jackson
|
0-0: Foul Ball, location: 2F 0-1: SINGLE (Groundball, 6) (infield hit)
|
Batting: RHB Will Hinkle
|
0-0: Ball 1-0: Foul Ball, location: 2F 1-1: Foul Ball, location: 2F 1-2: Ball 2-2: Ball 3-2: Strikes out looking
|
Top of the 9th over - 0 runs, 1 hit, 0 errors, 1 left on base; Alabama 1 - Quincy 7 |
|